 Dungeon Crawl Stone Soup version 0.23.1-38-g628c18f (webtiles) character file.

Game seed: 3667541336509735710

202137 dhn the Severer (level 17, -2/158 HPs)
             Began as a Minotaur Fighter on Mar 28, 2019.
             Slain by a sphinx simulacrum (63 damage)
             ... on level 1 of the Vaults.
             The game lasted 01:52:18 (48341 turns).

dhn the Severer (Minotaur Fighter)                 Turns: 48341, Time: 01:52:48

Health: -2/158     AC: 27    Str: 26      XL:     17   Next: 93%
Magic:  26/26      EV: 10    Int:  7 (8)  God:
Gold:   685        SH: 19    Dex: 17      Spells: 27/30 levels left

rFire    + . .     SeeInvis .   s - +1 broad axe (venom)
rCold    x . .     Gourm    .   c - +0 shield
rNeg     . . .     Faith    .   q - +1 plate armour {rPois}
rPois    +         Spirit   .   (helmet restricted)
rElec    .         Reflect  +   r - +2 cloak
rCorr    .         Harm     .   w - +2 pair of gloves
MR       ++...                  Y - +0 pair of boots
Stlth    ..........             g - +4 amulet of reflection
HPRegen  0.36/turn              a - +2 ring of dexterity
MPRegen  0.20/turn              e - ring "Munexesh" {rF+ rC- MR+ Str+3 Dex+3}

@: no status effects
A: retaliatory headbutt, horns 2
}: 1/15 runes: gossamer
a: no special abilities


You were on level 1 of the Vaults.
You were very hungry.

You visited 5 branches of the dungeon, and saw 28 of its levels.
You visited 1 bazaar.
You also visited: Gauntlet and Volcano.

You collected 2548 gold pieces.
You spent 1863 gold pieces at shops.

Inventory:

Hand Weapons
 s - a +1 broad axe of venom (weapon)
 A - a +1 trident of flaming
 G - a +3 broad axe
 Q - a +3 broad axe
Armour
 c - a +0 shield (worn)
 i - a +2 plate armour of magic resistance
 q - a +1 plate armour of poison resistance (worn)
 r - a +2 cloak (worn)
 w - a +2 pair of gloves (worn)
 z - the +0 cloak of Untold Secrets {Dex+3}
   (You found it in a Gauntlet)

   It affects your dexterity (+3).
 X - a +0 cloak
 Y - a +0 pair of boots (worn)
Jewellery
 a - a +2 ring of dexterity (left hand)
 e - the ring "Munexesh" (right hand) {rF+ rC- MR+ Str+3 Dex+3}
   (You found it in a Gauntlet)

   [ring of protection from fire]

   It affects your strength (+3).
   It affects your dexterity (+3).
   It protects you from fire.
   It makes you vulnerable to cold.
   It affects your resistance to hostile enchantments.
 g - a +4 amulet of reflection (around neck)
 D - an uncursed ring of protection from cold
 F - a +3 amulet of reflection
 L - an uncursed ring of protection from magic
 O - an uncursed ring of protection from magic
 V - an uncursed ring of wizardry
Wands
 k - a wand of iceblast (6)
 y - a wand of clouds (2)
 K - a wand of scattershot (4)
 M - a wand of paralysis (15)
 S - a wand of polymorph (13)
 U - a wand of enslavement (16)
 W - a wand of disintegration (18)
Scrolls
 h - 2 scrolls of identify
 m - 2 scrolls of magic mapping
 n - 3 scrolls of fog
 p - 4 scrolls of enchant armour
 u - a scroll of vulnerability
 v - 10 scrolls of remove curse
 B - 2 scrolls of holy word
 C - 2 scrolls of silence
 I - 2 scrolls of teleportation
 N - 3 scrolls of amnesia
Potions
 b - a potion of brilliance {unknown}
 d - 2 potions of heal wounds
 j - 4 potions of haste
 l - a potion of might
 o - 4 potions of resistance
 t - 4 potions of curing
 x - a potion of ambrosia
 E - a potion of berserk rage
 R - 7 potions of lignification
 Z - 4 potions of cancellation
Miscellaneous
 P - a lamp of fire
 T - a lightning rod (2/4)
Comestibles
 f - 37 rations


   Skills:
 + Level 16.0 Fighting
 + Level 20.1(20.2) Axes
 + Level 3.2(14.0) Polearms
 + Level 15.5 Armour
 + Level 4.0 Dodging
 + Level 2.6 Stealth
 + Level 16.1 Shields
 + Level 7.2 Spellcasting
 + Level 5.4 Translocations
 + Level 7.1 Evocations


You had 27 spell levels left.
You knew the following spells:

 Your Spells              Type           Power        Failure   Level  Hunger
a - Gell's Gravitas       Tloc           ##........   43%         3    ###....

Your spell library contained the following spells:

 Spells                   Type           Power        Failure   Level  Hunger
 Confusing Touch          Hex            #.....       83%         1    None
 Magic Dart               Conj           #...         83%         1    None
 Searing Ray              Conj           #.....       92%         2    ##.....
 Confuse                  Hex            #.......     99%         3    ###....
 Dazzling Spray           Conj/Hex       #.....       99%         3    ###....
 Force Lance              Conj/Tloc      #.......     99%         4    ####...
 Cause Fear               Hex            #.........   100%        4    ####...
 Fulminant Prism          Conj/Hex       #.........   100%        4    ####...
 Iskenderun's Mystic Bla  Conj           #.......     100%        4    ####...
 Leda's Liquefaction      Hex/Erth       #.........   100%        4    ####...
 Petrify                  Tmut/Erth      #.......     100%        4    ####...
 Bolt of Magma            Conj/Fire/Erth #.........   100%        5    ######.
 Metabolic Englaciation   Hex/Ice        #.........   100%        5    ######.
 Silence                  Hex/Air        #.........   100%        5    ######.
 Yara's Violent Unravell  Hex/Tmut       #.........   100%        5    ######.
 Deflect Missiles         Chrm/Air       #.........   100%        6    #######
 Iron Shot                Conj/Erth      #.........   100%        6    #######
 Statue Form              Tmut/Erth      #........    100%        6    #######
 Discord                  Hex            #.........   100%        8    #######
 Shatter                  Erth           #.........   100%        9    #######


Dungeon Overview and Level Annotations

Branches:
Dungeon (15/15)            Temple (0/1) D:5            Lair (6/6) D:11
 Shoals (0/4) Lair:2       Spider (4/4) Lair:3        Slime (0/5) Lair:6
    Orc (2/2) D:11            Elf (0/3) Orc:2        Vaults (1/5) D:13
 Depths (0/5) D:15

Altars:
Ashenzari
Dithmenos
Elyvilon
Fedhas
Gozag
Kikubaaqudgha
Nemelex Xobeh
Qazlal
Ru
Sif Muna
Trog
Uskayaw
Vehumet
Xom
Zin
The Shining One
Beogh

Shops:
D:4 [   D:7 (   D:13 *?   Orc:2 !*![

Annotations:
Lair:3 1 runed translucent door, dvd's ghost, journeyman OpFE
Lair:4 exclusion: orange crystal statue
Lair:5 2 transporters, Bolunijamo's ghost, journeyman GnFi
Lair:6 exclusion: oklob plant


Innate Abilities, Weirdness & Mutations

You reflexively headbutt those who attack you in melee.
You have a pair of horns on your head.


Message History

A sphinx simulacrum is nearby!
You slash the sphinx simulacrum!
The sphinx simulacrum is moderately damaged.
The sphinx simulacrum hits you but does no damage. x3
You hit the sphinx simulacrum. You headbutt the sphinx simulacrum!
The sphinx simulacrum is severely damaged.
You hit the sphinx simulacrum. You headbutt the sphinx simulacrum.
The sphinx simulacrum is severely damaged.
The sphinx simulacrum hits you but does no damage.
The sphinx simulacrum hits you. The sphinx simulacrum freezes you!!!
You feel a terrible chill!
You block the sphinx simulacrum's attack.
You hit the sphinx simulacrum but do no damage.
The sphinx simulacrum is severely damaged.
The sphinx simulacrum hits you! The sphinx simulacrum freezes you!!!
You feel a terrible chill!
You block the sphinx simulacrum's attack.
The sphinx simulacrum hits you. The sphinx simulacrum freezes you!!!
You feel a terrible chill!
You die...

..............#########
#.#
......).......#...#...#.!.
#.#
..............#...........
#.#
.....†........'...#...#...
#.#
..............##.######
#.#
....########..#...#...#...
#.#
....#......#..#...........
#.#
....#......#..#...#...#...
#.#
....#......#..##@######
#.# ....#......'..#..Z#
#.# ....#......#..#|....
#.# ....#......#..#...#...
#.#
....#......#..#########
#.# ....#......#..# #.#
....########(.# #.#
............).# #.#
#+##..........# #.#


You could see a sphinx simulacrum.

Vanquished Creatures
  Arachne (Spider:3)
  Asterion (Spider:2)
  Agnes (Vaults:1)
  A tengu reaver (Vaults:1)
  2 orc warlords
  2 draconian knights (Vaults:1)
  4 ghost moths
  5 emperor scorpions
  An ironheart preserver (Vaults:1)
  A juggernaut zombie (D:15)
  6 entropy weavers
  A minotaur (Gauntlet)
  4 spark wasps
  Josephine (D:14)
  A fire dragon (Vaults:1)
  A vault guard (D:13)
  5 hydras
  2 yaktaur captains (Vaults:1)
  2 catoblepae
  Harold (Lair:1)
  2 ghost crabs (Lair:5)
  2 death knights
  7 two-headed ogres
  2 centaur warriors
  7 death yaks
  2 tengu warriors
  An ogre mage (D:11)
  4 orc high priests (Orc:2)
  A deep elf knight (Vaults:1)
  A sun demon (Volcano)
  4 fire crabs (Lair:5)
  8 skeletal warriors
  6 unseen horrors
  3 deep trolls (Vaults:1)
  2 flayed ghosts
  7 orc knights
  2 deep elf archers (Vaults:1)
  An ironbrand convoker (Vaults:1)
  A wolf spider zombie (D:15)
  2 phantasmal warriors (D:15)
  24 ugly things
  A necromancer (D:15)
  22 orb spiders
  Pikel (D:8)
  A frost giant zombie (D:15)
  An iron dragon zombie (D:15)
  3 moths of wrath
  5 orc sorcerers
  A manticore (D:13)
  2 cyclopes
  4 merfolk sirens (Lair:2)
  30 wolf spiders
  2 vault sentinels (Vaults:1)
  4 elephants (Lair:2)
  An apocalypse crab (Lair:5)
  3 black mambas
  6 gargoyles
  2 centaur zombies (D:13)
  2 centaur skeletons
  2 molten gargoyles (Volcano)
  A torpor snail (Spider:4)
  8 spiny frogs
  A rime drake (Lair:6)
  4 kobold demonologists
  A hellion (Gauntlet)
  A komodo dragon (shapeshifter) (D:15)
  3 yaktaurs (D:14)
  7 komodo dragons
  A freezing wraith (Vaults:1)
  24 demonic crawlers
  A queen bee (Lair:1)
  A red devil (Volcano)
  33 jumping spiders
  A hornet (shapeshifter) (D:13)
  Prince Ribbit (D:8)
  A queen bee (shapeshifter) (D:15)
  10 trolls
  13 hornets
  Grinder (D:3)
  6 blink frogs
  13 slime creatures
  10 hippogriffs
  4 dream sheep (Lair:4)
  A spriggan (Spider:1)
  A vampire (D:14)
  7 wraiths
  An ice dragon skeleton (D:15)
  70 redbacks
  A shadow (D:12)
  8 wyverns
  A yak (shapeshifter) (D:14)
  5 fire bats
  4 hogs (D:7)
  33 tarantellas
  6 basilisks
  29 yaks
  A human (D:7)
  A hungry ghost (D:12)
  Menkaure (D:5)
  11 wargs
  Edmund (D:5)
  A soldier ant (D:13)
  4 vampire mosquitoes (D:15)
  11 water moccasins
  10 porcupines
  48 orc warriors
  2 hornet zombies
  A sky beast (shapeshifter) (D:13)
  2 sky beasts
  4 ice beasts
  17 ogres
  A necrophage (D:11)
  6 wolves (Lair:1)
  3 phantoms
  2 black bears (D:11)
  10 centaurs
  9 crocodiles
  2 big kobolds
  13 bullfrogs
  A gnoll sergeant (D:5)
  A wyvern skeleton (D:9)
  8 scorpions
  24 killer bees (Lair:1)
  2 electric eels
  9 howler monkeys
  5 lava snakes (Volcano)
  5 crimson imps
  10 hounds
  6 jellies
  35 orc priests
  A gnoll shaman (Orc:1)
  2 bullfrog skeletons
  4 iguanas
  23 orc wizards
  3 hell rats (Lair:1)
  7 worker ants
  2 hound zombies
  A worker ant zombie (D:7)
  14 gnolls
  16 adders
  A howler monkey skeleton (D:7)
  6 river rats (Lair:1)
  3 shadow imps
  An ooze (D:2)
  An adder zombie (D:6)
  4 worms
  5 leopard geckos
  119 orcs
  2 bat zombies (D:2)
  6 giant cockroaches
  9 goblins
  7 hobgoblins
  8 jackals
  3 quokkas
  8 bats
  10 frilled lizards
  A giant cockroach zombie (D:5)
  26 kobolds
  12 rats
  A rat zombie (D:2)
  5 fungi
  3 plants
1119 creatures vanquished.

Vanquished Creatures (collateral kills)
  A crocodile (Lair:6)
1 creature vanquished.

Vanquished Creatures (others)
  2 lindwurms (D:9)
  An orb spider (Spider:4)
  A komodo dragon (Lair:6)
  A jumping spider (Spider:3)
  A redback (D:14)
  2 tarantellas
  A slave (D:8)
  2 lava snakes (Lair:4)
  An iguana (D:8)
  A hound zombie (D:8)
  A quokka (D:8)
  A bush (Lair:6)
  17 fungi
  25 plants
57 creatures vanquished.

Grand Total: 1177 creatures vanquished

Notes
Turn   | Place    | Note
-------+----------+-------------------------------------------
     0 | D:1      | dhn the Minotaur Fighter began the quest for the Orb.
     0 | D:1      | Reached XP level 1. HP: 19/19 MP: 0/0
   169 | D:1      | Reached XP level 2. HP: 27/27 MP: 1/1
   438 | D:2      | Reached skill level 3 in Axes
   463 | D:2      | Reached XP level 3. HP: 19/33 MP: 2/2
   618 | D:2      | Reached XP level 4. HP: 35/40 MP: 3/3
   825 | D:2      | Found a shattered altar of Ashenzari.
   979 | D:2      | Reached skill level 4 in Axes
   991 | D:2      | Found an ancient bone altar of Kikubaaqudgha.
  1226 | D:3      | Noticed Grinder
  1244 | D:4      | Reached XP level 5. HP: 31/47 MP: 4/4
  1419 | D:4      | Found Bahej's Antique Armour Shop.
  1422 | D:4      | Bought a pair of gloves for 112 gold pieces
  1566 | D:4      | Noticed an orc warrior
  1599 | D:5      | Entered Level 5 of the Dungeon
  1599 | D:5      | Found a staircase to the Ecumenical Temple.
  1605 | D:5      | Reached skill level 1 in Dodging
  1646 | D:5      | Reached skill level 5 in Axes
  1693 | D:5      | Reached XP level 6. HP: 35/55 MP: 5/5
  1864 | D:5      | Reached skill level 5 in Fighting
  1876 | D:5      | Found a sacrificial altar of Ru.
  2055 | D:5      | Reached skill level 6 in Axes
  2055 | D:5      | Reached skill level 5 in Shields
  2073 | D:5      | Noticed Menkaure
  2129 | D:6      | Found a blossoming altar of Fedhas.
  2141 | D:6      | Found a stormy altar of Qazlal.
  2241 | D:6      | Reached skill level 5 in Armour
  2241 | D:6      | Reached XP level 7. HP: 32/61 MP: 6/6
  2647 | D:6      | Reached skill level 7 in Axes
  2947 | D:7      | Reached XP level 8. HP: 70/70 MP: 7/7
  3152 | D:7      | Reached skill level 8 in Axes
  3245 | D:7      | Found Vumeoch's Weapon Boutique.
  3253 | D:7      | Bought a +0 broad axe for 52 gold pieces
  3844 | D:7      | Reached skill level 9 in Axes
  3848 | D:7      | Reached skill level 10 in Axes
  4187 | D:7      | Reached XP level 9. HP: 74/75 MP: 8/8
  4499 | D:8      | Noticed Pikel
  4520 | D:8      | Killed Pikel
  4834 | D:8      | Reached skill level 11 in Axes
  5064 | D:8      | Found a shadowy altar of Dithmenos.
  5431 | D:8      | Found a shimmering altar of Xom.
  5434 | D:8      | Found a shimmering altar of Xom.
  5434 | D:8      | Found a deep blue altar of Sif Muna.
  5438 | D:8      | Found a white marble altar of Elyvilon.
  5438 | D:8      | Found a sparkling altar of Nemelex Xobeh.
  5438 | D:8      | Found an opulent altar of Gozag.
  5520 | D:8      | Noticed Prince Ribbit
  5529 | D:8      | Killed Prince Ribbit
  5667 | D:9      | Found a radiant altar of Vehumet.
  5669 | D:9      | Reached skill level 12 in Axes
  5867 | D:9      | Noticed an angel
  5868 | D:9      | Found a glowing silver altar of Zin.
  6098 | D:9      | Noticed a two-headed ogre
  6106 | D:9      | Killed a two-headed ogre
  6106 | D:9      | Reached XP level 10. HP: 86/86 MP: 9/9
  6377 | D:9      | Reached skill level 13 in Axes
  6429 | D:9      | Noticed a lindwurm
  6429 | D:9      | Noticed a lindwurm
  6462 | D:9      | Noticed a lindwurm
  6466 | D:9      | Noticed a lindwurm
  6484 | D:10     | Entered Level 10 of the Dungeon
  6574 | D:10     | Found a shadowy altar of Dithmenos.
  7529 | D:10     | Killed an unseen horror
  7874 | D:5      | Killed Menkaure
  7942 | D:5      | Noticed Edmund
  7951 | D:5      | Killed Edmund
  7951 | D:5      | Reached skill level 14 in Axes
  8309 | D:5      | Found a hide-covered altar of Uskayaw.
  8752 | D:4      | Found a glowing golden altar of the Shining One.
  9171 | D:3      | Killed Grinder
  9733 | D:11     | Found a staircase to the Orcish Mines.
  9760 | D:11     | Noticed a gargoyle
  9771 | D:11     | Killed a gargoyle
  9781 | D:11     | Reached skill level 1 in Evocations
  9819 | D:11     | Reached XP level 11. HP: 62/94 MP: 10/10
 10197 | D:11     | Found a staircase to the Lair.
 10313 | D:11     | Reached skill level 1 in Spellcasting
 10874 | D:11     | You fall through a shaft for 2 floors!
 10918 | D:13     | Found Luef's Magic Scroll Boutique.
 10936 | D:13     | Noticed a tengu warrior
 10941 | D:13     | Reached skill level 15 in Axes
 10949 | D:13     | Noticed a green ugly thing
 10956 | D:13     | Killed a tengu warrior
 10963 | D:13     | Killed a green ugly thing
 11294 | D:13     | Killed an unseen horror
 12879 | D:12     | Noticed a green ugly thing
 12892 | D:12     | Killed a green ugly thing
 12892 | D:12     | Reached XP level 12. HP: 58/104 MP: 15/15
 13516 | Lair:1   | Entered Level 1 of the Lair of Beasts
 13527 | Lair:1   | Noticed Harold
 13546 | Lair:1   | Killed Harold
 13757 | Lair:1   | Reached skill level 16 in Axes
 15441 | Lair:2   | Reached skill level 10 in Armour
 15896 | Lair:2   | Reached skill level 5 in Evocations
 16041 | Lair:2   | Found a staircase to the Shoals.
 16482 | Lair:2   | Noticed a four-headed hydra
 16545 | Lair:2   | Identified 3 scrolls of acquirement
 16609 | Lair:2   | Killed a four-headed hydra
 16723 | Lair:3   | Found a hole to the Spider Nest.
 16734 | Lair:3   | Paralysed by a hornet for 2 turns
 16828 | Lair:3   | Noticed a five-headed hydra
 16861 | Lair:3   | Killed a five-headed hydra
 16861 | Lair:3   | Reached skill level 1 in Polearms
 16947 | Lair:3   | Reached skill level 10 in Fighting
 16947 | Lair:3   | Reached XP level 13. HP: 89/113 MP: 17/17
 17682 | Lair:3   | Found a runed translucent door.
 17683 | Lair:3   | Identified the +7 trident "Cuvaeb" {drain, Dex+2}
 17685 | Lair:3   | Noticed dvd's ghost (journeyman OpFE)
 17865 | Lair:4   | Found a dark tunnel.
 17873 | Lair:4   | Reached skill level 10 in Shields
 17882 | Volcano  | Entered a volcano
 18347 | Volcano  | Found a radiant altar of Vehumet.
 18755 | Volcano  | Learned a level 3 spell: Gell's Gravitas
 19367 | Lair:4   | Reached skill level 17 in Axes
 19663 | Lair:5   | Reached skill level 1 in Translocations
 19753 | Lair:5   | Identified the +6 trident "Toorome" {flame, rF+ MR+}
 19754 | Lair:5   | Identified the +6 trident of the Seeker {flame, rPois
                  | Dex+5}
 19768 | Lair:5   | Found a transporter.
 19769 | Lair:5   | Found a transporter.
 19789 | Lair:5   | Found a bloodstained altar of Trog.
 19807 | Lair:5   | Noticed Bolunijamo's ghost (journeyman GnFi)
 20106 | Lair:5   | Found a runed translucent door.
 20563 | Lair:5   | Noticed an entropy weaver
 20578 | Lair:5   | Killed an entropy weaver
 20578 | Lair:5   | Reached skill level 1 in Stealth
 20919 | Lair:5   | Noticed an entropy weaver
 20948 | Lair:5   | Killed an entropy weaver
 21607 | Lair:5   | Noticed an entropy weaver
 21681 | Lair:5   | Killed an entropy weaver
 22573 | Lair:5   | Noticed an entropy weaver
 22586 | Lair:5   | Killed an entropy weaver
 23017 | Lair:6   | Entered Level 6 of the Lair of Beasts
 23140 | Lair:5   | Reached XP level 14. HP: 62/124 MP: 19/19
 23274 | Lair:6   | Found a gate leading to a gauntlet.
 23289 | Gauntlet | Entered a Gauntlet
 23289 | Gauntlet | Found a transporter.
 23289 | Gauntlet | Found a runed translucent door.
 23509 | Gauntlet | Found a runed translucent door.
 23516 | Gauntlet | Found a transporter.
 23518 | Gauntlet | Found a transporter.
 23529 | Gauntlet | Found a transporter.
 23532 | Gauntlet | Found a transporter.
 23537 | Gauntlet | Found a transporter.
 23552 | Gauntlet | Found a transporter.
 23556 | Gauntlet | Found a runed translucent door.
 23563 | Gauntlet | Found a transporter.
 23570 | Gauntlet | Found a runed translucent gate.
 23570 | Gauntlet | Found a runed translucent gate.
 23570 | Gauntlet | Found a runed translucent gate.
 23573 | Gauntlet | Found a transporter.
 23585 | Gauntlet | Found a transporter.
 23602 | Gauntlet | Found a transporter.
 23620 | Gauntlet | Found a transporter.
 23648 | Gauntlet | Noticed an azure jelly
 23648 | Gauntlet | a dire elephant changed into an azure jelly
 23654 | Gauntlet | an azure jelly changed into an alligator snapping turtle
 23657 | Gauntlet | Found a transporter.
 23657 | Gauntlet | Found a transporter.
 23659 | Gauntlet | Noticed an azure jelly
 23659 | Gauntlet | an alligator snapping turtle changed into an azure jelly
 23663 | Gauntlet | Noticed a frost giant
 23663 | Gauntlet | an azure jelly changed into a frost giant
 23783 | Gauntlet | Got a scorched turquoise ring
 23959 | Gauntlet | Got a slimy hat
 24277 | Gauntlet | Got an ichor-stained cloak
 24333 | Lair:6   | Found a staircase to the Slime Pits.
 25020 | Lair:6   | Reached skill level 18 in Axes
 26531 | Lair:1   | Identified the cursed -5 hat of the Ten Planets {*Slow
                  | rPois rC+} (You found it in a Gauntlet)
 26559 | Lair:1   | Identified the cursed +0 cloak of Untold Secrets {Dex+3}
                  | (You found it in a Gauntlet)
 26572 | Lair:1   | Identified the ring "Munexesh" {rF+ rC- MR+ Str+3 Dex+3}
                  | (You found it in a Gauntlet)
 26629 | Orc:1    | Entered Level 1 of the Orcish Mines
 26629 | Orc:1    | Noticed an orc warlord
 26720 | D:11     | Killed an orc warlord
 27057 | Orc:1    | You fall through a shaft!
 27057 | Orc:2    | Entered Level 2 of the Orcish Mines
 27057 | Orc:2    | Found a roughly hewn altar of Beogh.
 27057 | Orc:2    | Noticed an orc warlord
 27121 | Orc:2    | Killed an orc warlord
 27903 | Orc:2    | Found a staircase to the Elven Halls.
 27996 | Orc:2    | Found Lunnifeu's Distillery.
 28027 | Orc:2    | Bought a potion of heal wounds for 70 gold pieces
 28064 | Orc:2    | Found Peixamis's Assorted Antiques.
 28077 | Orc:2    | Bought a scroll labeled GAHOLI QUBU for 28 gold pieces
 28077 | Orc:2    | Bought an emerald potion for 25 gold pieces
 28481 | Orc:2    | Found a roughly hewn altar of Beogh.
 28534 | Orc:2    | Reached skill level 5 in Translocations
 28540 | Orc:2    | Reached XP level 15. HP: 132/134 MP: 20/20
 28586 | Orc:2    | Found Idwuklin's Distillery.
 28605 | Orc:2    | Found Gaitry Tank's Armour Shop.
 29210 | Orc:2    | Bought a small fluorescent amulet for 140 gold pieces
 29210 | Orc:2    | Bought a scroll of brand weapon for 560 gold pieces
 29210 | Orc:2    | Bought a scroll of identify for 56 gold pieces
 29210 | Orc:2    | Bought a scroll of identify for 56 gold pieces
 29819 | Orc:2    | Bought a potion of mutation for 112 gold pieces
 29819 | Orc:2    | Bought a potion of lignification for 42 gold pieces
 29819 | Orc:2    | Bought a potion of cancellation for 112 gold pieces
 30341 | D:13     | Bought a scroll of identify for 24 gold pieces
 30341 | D:13     | Bought a scroll of identify for 24 gold pieces
 30341 | D:13     | Bought a scroll of identify for 24 gold pieces
 30352 | D:14     | Found a flickering gateway to a bazaar.
 30445 | Bazaar   | Entered a bazaar
 30445 | Bazaar   | Found Junon's Antique Weapon Shoppe.
 30708 | Bazaar   | Found Kiqof's Antique Armour Shop.
 30719 | Bazaar   | Found Ypikk's Magic Scroll Shoppe.
 30729 | Bazaar   | Found Camiloq's Magic Scroll Shop.
 30827 | Bazaar   | Bought a pair of runed gloves for 180 gold pieces
 30867 | Bazaar   | Bought a scroll of blinking for 90 gold pieces
 30867 | Bazaar   | Bought a scroll of teleportation for 36 gold pieces
 30867 | Bazaar   | Bought a scroll of enchant armour for 90 gold pieces
 30875 | Bazaar   | Bought a scroll of teleportation for 30 gold pieces
 31479 | D:13     | Found Zuvy's Pet Rocks.
 31691 | D:13     | Found a gate to the Vaults.
 32099 | D:14     | Noticed Josephine
 32138 | D:14     | Killed Josephine
 32436 | D:15     | Entered Level 15 of the Dungeon
 32440 | D:15     | Found a staircase to the Depths.
 33185 | D:15     | Reached skill level 5 in Spellcasting
 33276 | D:15     | Reached skill level 19 in Axes
 34299 | D:15     | Reached XP level 16. HP: 134/145 MP: 23/23
 34302 | D:15     | Found a blossoming altar of Fedhas.
 34755 | Lair:1   | Identified the +8 battleaxe "Ruschi Loyts" {speed, Int+3}
                  | (You acquired it on level 1 of the Lair of Beasts)
 35019 | Spider:1 | Entered Level 1 of the Spider Nest
 36695 | Spider:2 | Noticed Asterion
 36865 | Spider:2 | Killed Asterion
 38112 | Spider:2 | HP: 6/147 [wolf spider (14)]
 39858 | Spider:4 | Entered Level 4 of the Spider Nest
 39858 | Spider:4 | Noticed Arachne
 39877 | Spider:3 | Killed Arachne
 41148 | Spider:4 | Reached XP level 17. HP: 143/154 MP: 25/25
 41824 | Spider:4 | Reached skill level 15 in Fighting
 41824 | Spider:4 | Reached skill level 15 in Shields
 43545 | Spider:4 | Got a gossamer rune of Zot
 44010 | Spider:4 | Reached skill level 15 in Armour
 45984 | Vaults:1 | Entered Level 1 of the Vaults
 47028 | Vaults:1 | Reached skill level 20 in Axes
 47767 | Vaults:1 | Noticed Agnes
 47797 | Vaults:1 | Killed Agnes
 48341 | Vaults:1 | Slain by a sphinx simulacrum

Skill      XL: |  1  2  3  4  5  6  7  8  9 10 11 12 13 14 15 16 17 |
---------------+----------------------------------------------------+-----
Shields        | 4 5 6 7 8 9 10 11 13 14 16 | 16.1
Armour         | 4 5 6 7 8 9 10 11 12 13 14 15 | 15.5
Fighting       | 4 5 6 7 8 9 10 11 12 13 14 16 | 16.0
Axes           | 3 4 5 6 7 10 12 14 15 16 17 18 19 20 | 20.1
Dodging        | 1 2 3 4 |  4.0
Evocations     | 1 3 5 6 7 |  7.1
Spellcasting   | 2 3 4 5 6 7 |  7.2
Polearms       | 1 2 3 |  3.2
Translocations | 3 5 |  5.4
Stealth        | 1 2 |  2.6

Action                   |  1- 3 |  4- 6 |  7- 9 | 10-12 | 13-15 | 16-18 || total
-------------------------+-------+-------+-------+-------+-------+-------++-------
Melee: War axe           |    74 |   108 |    77 |       |       |       ||   259
       Headbutt          |    11 |    15 |    49 |   176 |   391 |   289 ||   931
       Broad axe         |       |       |   156 |   881 |  1285 |   864 ||  3186
       Trident           |       |       |       |    19 |    42 |       ||    61
Evoke: Wand              |       |       |     1 |     8 |    28 |    12 ||    49
       Lamp of fire      |       |       |       |     1 |     2 |     3 ||     6
       Lightning rod     |       |       |       |       |     3 |    13 ||    16
  Use: Scroll            |       |     5 |       |    12 |    20 |    15 ||    52
       Potion            |       |       |     2 |       |     6 |     7 ||    15
 Stab: Confused          |       |       |     1 |       |     1 |       ||     2
       Distracted        |       |       |       |     1 |       |       ||     1
       Petrified         |       |       |       |       |     6 |       ||     6
       Held in net/web   |       |       |       |       |       |     3 ||     3
  Eat: Chunk             |       |     3 |    10 |    31 |    24 |    12 ||    80
       Ration            |       |       |     1 |     2 |     9 |     9 ||    21
Armor: Scale mail        |    42 |    46 |    77 |     9 |       |       ||   174
       Plate armour      |       |       |       |   400 |   583 |   659 ||  1642
Dodge: Dodged            |    36 |    38 |    97 |   301 |   323 |   343 ||  1138
Block: Shield            |    53 |    59 |   135 |   497 |   746 |   974 ||  2464
       Reflection        |       |       |       |       |       |    12 ||    12
